 Dungeon Crawl Stone Soup version 0.28-a0-991-g956f0ee3d5 (webtiles) character file.

Game seed: 7379029592005748895

39 voltaire321 the Digger (level 3, 0/23 HPs)
             Began as an Octopode Earth Elementalist on Dec 5, 2021.
             Succumbed to an adder's poison
             ... on level 2 of the Dungeon.
             The game lasted 00:05:34 (1421 turns).

voltaire321 the Digger (OpEE)                       Turns: 1421, Time: 00:05:34

Health: 0/23       AC:  1    Str:  7    XL:     3   Next: 45%
Magic:  14/15      EV: 13    Int: 17    God:
Gold:   26         SH:  4    Dex: 14    Spells: 5/6 levels left

rFire   . . .      SeeInvis .   h - +0 dagger
rCold   . . .      Faith    .   e - +0 buckler
rNeg    + . .      Spirit   .   (helmet restricted)
rPois   .          Reflect  .   (no amulet)
rElec   .          Harm     .   a - ring of magical power
rCorr   .          Rampage  .   c - ring of positive energy
Will    .....                   (no ring)
Stlth   +++.......              (no ring)
HPRegen 0.07/turn               (no ring)
MPRegen 0.14/turn               (no ring)
                                (no ring)
                                (no ring)

@: lethally poisoned (0 -> -8), invisible
A: almost no armour, amphibious, 8 rings, camouflage 1, gelatinous body 1,
(nimble swimmer 1), tentacles
a: no special abilities


You were on level 2 of the Dungeon.
You visited 1 branch of the dungeon, and saw 2 of its levels.

You collected 26 gold pieces.

Inventory:

Hand Weapons
 h - a +0 dagger (weapon)
Missiles
 b - 56 stones
Armour
 e - a +0 buckler (worn)
Jewellery
 a - a ring of magical power (left tentacle)
 c - a ring of positive energy (right tentacle)
Scrolls
 d - a scroll of noise {unknown}
 f - a scroll of fear {unknown}
 i - a scroll of identify {unknown}
 j - a scroll of fog {unknown}


   Skills:
 + Level 1.0 Fighting
 + Level 2.3 Dodging
 - Level 2.6 Stealth
 + Level 0.7 Shields
 + Level 1.0 Unarmed Combat
 + Level 2.2 Spellcasting
 + Level 1.4 Transmutations
 + Level 3.1 Earth Magic


You had 5 spell levels left.
You knew the following spells:

 Your Spells              Type           Power      Damage    Failure   Level
a - Sandblast             Erth           24%        2d8       8%          1

Your spell library contained the following spells:

 Spells                   Type           Power      Damage    Failure   Level
 Passwall                 Tmut/Erth      7%         N/A       17%         2
 Stone Arrow              Conj/Erth      14%        3d7       41%         3
 Petrify                  Tmut/Erth      9%         N/A       73%         4


Dungeon Overview and Level Annotations

Branches:
Dungeon (2/15)

Altars:

Shops:
D:1 =


Innate Abilities, Weirdness & Mutations

You cannot wear most types of armour.
You are amphibious.
You can wear up to eight rings at the same time.
Your skin changes colour to match your surroundings (Stealth+).
Your rubbery body absorbs attacks. (AC +1, EV +1)
((You are camouflaged near water. (Stealth+)))
You have tentacles for arms and can constrict up to eight enemies at once.


Message History

The adder bites you.
You are poisoned.
The adder poisons you!
You barely miss the adder. You grab the adder.
The adder is heavily wounded.
You constrict the adder.
You feel sick. The adder bites you.
You are more poisoned.
The adder poisons you! The adder bites you.
You are more poisoned.
The adder poisons you!
You hit the adder but do no damage.
The adder is heavily wounded.
You constrict the adder.
You feel very sick. The adder bites you but does no damage.
You hit the adder.
The adder is almost dead.
You constrict the adder.
You feel very sick. The adder completely misses you. The adder bites you.
You are more poisoned.
The adder poisons you!
Casting: Sandblast (safe; 9% risk of failure)
Confirm with . or Enter, or press ? or * to list all spells.
Aiming: Sandblast (safe; 9% risk of failure)
Press: ? - help, Shift-Dir - straight line, f - adder
Aim: an adder (almost dead, constricted by you, 93% to hit)
The blast of sand misses the adder.
You constrict the adder.
You kill the adder!
* * * LOW HITPOINT WARNING * * *
You feel very sick.
Your Fighting skill increases to level 1!
It was a potion of invisibility.
You fade into invisibility!
* * * LOW HITPOINT WARNING * * *
You feel sick.
There is a lethal amount of poison in your body!
* * * LOW HITPOINT WARNING * * *
You feel sick.
You die...

#(. .. ...B.# ##..
#.#..?.. .#.#..#
.....#.#.... ..#.#..#
#...#.#...# #. #.#..#
#.........#.. #.#..#
#......#..#.#. #.#..#
##............. #.#..#
.......<#..######.#..#
##.#...........@.<...#
####...#######.##.#
#...# #.##.# #...#
#.##.# ...... #.##.#
###.#..# ####.# ......
#.# ##.#. #.#


There were no monsters in sight!

Vanquished Creatures
  An adder (D:2)
  2 dart slugs (D:1)
  2 endoplasms (D:1)
  2 giant cockroaches (D:1)
  2 goblins (D:1)
  4 hobgoblins (D:1)
  2 jackals (D:1)
  2 quokkas (D:1)
  2 ball pythons (D:1)
  3 frilled lizards (D:1)
  A kobold (D:1)
  A rat (D:1)
24 creatures vanquished.

Notes
Turn   | Place    | Note
-------+----------+-------------------------------------------
     0 | D:1      | voltaire321 the Octopode Earth Elementalist began the quest
                  | for the Orb.
     0 | D:1      | Reached XP level 1. HP: 11/11 MP: 3/3
   256 | D:1      | Found Ziekem's Jewellery Emporium.
   284 | D:1      | Reached XP level 2. HP: 10/17 MP: 5/5
   965 | D:1      | Reached XP level 3. HP: 17/22 MP: 6/6
  1158 | D:1      | Reached skill level 1 in Unarmed Combat
  1419 | D:2      | Reached skill level 1 in Fighting
  1421 | D:2      | Succumbed to an adder's poison

Illustrated notes

Levels and vault maps discovered:
D:1:      minmay_arrival_up_and_down, layout_basic, serial_shops,
          nicolae_diamond_shop, nicolae_figureground_pulse
D:2:      layout_basic

Skill      XL: |  1  2  3 |
---------------+----------+-----
Unarmed Combat | 1 |  1.0
Fighting       | 1 |  1.0
Dodging        | |  2.3
Stealth        | |  2.6
Shields        | |  0.7
Spellcasting   | |  2.2
Transmutations | |  1.4
Earth Magic    | |  3.1

Action                   || total
-------------------------++-------
Melee: Unarmed           ||    24
       Constrict         ||    11
       Tentacles         ||    10
       Punch             ||     1
       Dagger            ||    17
 Cast: Sandblast         ||     9
  Use: Potion            ||     1
 Stab: Sleeping          ||     7
Armor: Skin              ||     4
Dodge: Dodged            ||    26
Block: Buckler           ||     3

Table legend: (Time is in decaauts)
 A = Elapsed time spent in this place.
 B = Non-inter-level travel time spent in this place.
 C = Inter-level travel time spent in this place.
 D = Time resting spent in this place.
 E = Time spent auto-exploring this place.
 F = Levels seen in this place.
 G = Mean time per level.
                   A        B        C        D        E       F      G
               +--------+--------+--------+--------+--------+-----+--------+
         Total |   1423 |   1376 |     47 |    658 |    383 |   2 |  711.5 |
       Dungeon |   1423 |   1376 |     47 |    658 |    383 |   2 |  711.5 |
               +--------+--------+--------+--------+--------+-----+--------+

Top non-repeatable levels by time:
     D:1: 1395 daAuts
     D:2: 27 daAuts
